 Dungeon Crawl Stone Soup version 0.19.0-24-gb05acd6 (webtiles) character file.

312 Aksej the Slasher (level 6, -1/48 HPs)
             Began as a Demonspawn Fighter on Nov 21, 2016.
             Slain by Pikel
             ... wielding a +2 whip of flaming
              (6 damage)
             ... on level 4 of the Dungeon.
             The game lasted 00:07:33 (3109 turns).

Aksej the Slasher (Demonspawn Fighter)              Turns: 3109, Time: 00:07:34

Health: -1/48      AC:  7    Str: 17    XL:     6   Next: 18%
Magic:  0/6        EV: 11    Int:  9    God:
Gold:   99         SH:  0    Dex: 14    Spells: 0 memorised, 5 levels left

rFire  . . .     SeeInvis .     a - +1 long sword
rCold  . . .     Gourm    .     g - +1 leather armour
rNeg   . . .     Faith    .     (no shield)
rPois  .         Spirit   +     (helmet restricted)
rElec  .         Reflect  .     k - +0 cloak
rCorr  .         Harm     .     (no gloves)
MR     +....                    (no boots)
Stlth  +.........               b - amulet of guardian spirit
                                (no ring)
                                l - ring of protection from magic

@: very slightly contaminated, hasted, very quick
A: horns 1, yellow scales 1, powered by death 1
a: no special abilities


You were on level 4 of the Dungeon.
You were hungry.

You visited 1 branch of the dungeon, and saw 4 of its levels.

You collected 99 gold pieces.

Inventory:

Hand Weapons
 a - a +1 long sword (weapon)
Armour
 g - a +1 leather armour (worn)
 k - a +0 cloak (worn)
Jewellery
 b - an amulet of guardian spirit (around neck)
 i - an uncursed amulet of rage {unknown}
 j - an uncursed ring of poison resistance {unknown}
 l - a ring of protection from magic (left hand)
 o - an uncursed amulet of regeneration {unknown}
 p - a cursed ring of teleportation {unknown}
 q - a cursed ring of teleportation {unknown}
Scrolls
 m - a scroll of teleportation
Potions
 h - 2 potions of cancellation
Comestibles
 c - a meat ration
 f - 2 bread rations
 n - 2 fruits
 r - 2 chunks of flesh


   Skills:
 + Level 3.8 Fighting
 * Level 5.0 Long Blades
 + Level 3.1 Armour
 * Level 1.3 Dodging
   Level 2.6 Shields


You had 5 spell levels left.
You didn't know any spells.

Dungeon Overview and Level Annotations

Branches:
Dungeon (4/15)
 Temple: D:4-7

Altars:
Cheibriados
Ru
Uskayaw

Annotations:
D:4 Pikel


Innate Abilities, Weirdness & Mutations

You have a pair of small horns on your head.
You are partially covered in yellow scales. (AC +2)
You regenerate a little health from kills.


Message History

The slave is lightly wounded.
The slave barely misses you. The slave hits you!
* * * LOW HITPOINT WARNING * * *
You closely miss Pikel.
Pikel is severely wounded.
Pikel hits you with a whip of flaming.
* * * LOW HITPOINT WARNING * * *
Pikel burns you.
* * * LOW HITPOINT WARNING * * *
Unknown command.
You hit Pikel but do no damage.
Pikel is severely wounded.
The slave barely misses you. x2; You riposte.
You slash the slave!
The slave is heavily wounded.
The slave closely misses you.
Unknown command.
You hit Pikel but do no damage. Your headbutt misses Pikel.
Pikel is severely wounded.
Pikel hits you with a whip of flaming.
You die...

#...............#....#
#....................#
#..)...........#.#...#
##.....##............#
##.....##......#.#...#
#......##............#
#......###+######....#
#....pK.#......#.....#
#....p@p#......+.....#
##.>...##......#.....#
##.....##......#.....#
#.....[.#......#..p..#
#......##....O.##p...#
#......####'#####p...#
#...............#
#...............#
##.....##.......#


You could see Pikel and 3 slaves.

Vanquished Creatures
  A slave (D:4)
  An ogre (D:4)
  2 orc wizards (D:3)
  A worker ant (D:4)
  Robin (D:3)
  3 adders
  2 oozes
  A worm (D:3)
  A dart slug (D:3)
  3 leopard geckos
  5 orcs (D:3)
  A ball python (D:4)
  5 giant cockroaches
  13 goblins
  9 hobgoblins
  9 jackals
  3 quokkas
  8 bats
  7 frilled lizards
  2 kobolds
  11 rats
89 creatures vanquished.

Notes
Turn   | Place    | Note
-------+----------+-------------------------------------------
     0 | D:1      | Aksej the Demonspawn Fighter began the quest for the Orb.
     0 | D:1      | Reached XP level 1. HP: 18/18 MP: 1/1
    56 | D:1      | Reached skill level 2 in Long Blades
   168 | D:1      | Gained mutation: You are partially covered in yellow scales. (AC +2) [demonic ancestry]
   168 | D:1      | Reached XP level 2. HP: 24/24 MP: 2/2
   971 | D:2      | Gained mutation: You regenerate a little health from kills. [demonic ancestry]
   971 | D:2      | Reached XP level 3. HP: 29/29 MP: 3/3
  1650 | D:3      | Found a snail-covered altar of Cheibriados.
  1652 | D:3      | Found a hide-covered altar of Uskayaw.
  1654 | D:3      | Found a sacrificial altar of Ru.
  1666 | D:3      | Reached skill level 3 in Long Blades
  1719 | D:3      | Reached XP level 4. HP: 31/35 MP: 2/4
  1875 | D:3      | Noticed Robin
  1880 | D:3      | Reached skill level 4 in Long Blades
  1882 | D:3      | Gained mutation: You have a pair of small horns on your head. [demonic ancestry]
  1882 | D:3      | Reached XP level 5. HP: 36/41 MP: 5/5
  1889 | D:3      | Killed Robin
  2110 | D:3      | Reached skill level 1 in Dodging
  2622 | D:4      | Noticed a slave
  2695 | D:4      | Noticed an ogre
  2722 | D:4      | Killed an ogre
  2722 | D:4      | Reached skill level 5 in Long Blades
  2722 | D:4      | Reached XP level 6. HP: 19/48 MP: 3/6
  3017 | D:4      | Noticed a slave
  3018 | D:4      | Noticed a slave
  3046 | D:4      | Killed a slave
  3091 | D:4      | Noticed Pikel
  3093 | D:4      | Noticed a slave
  3109 | D:4      | Slain by Pikel

Skill      XL: |  1  2  3  4  5 |
---------------+----------------+-----
Long Blades    | 2 3 4 5 |  5.0
Armour         | 3 |  3.1
Dodging        | 1 |  1.3
Fighting       | |  3.8
Shields        | |  2.6

Action                   |  1- 3 |  4- 6 || total
-------------------------+-------+-------++-------
Melee: Long sword        |   106 |   112 ||   218
       Headbutt          |       |    16 ||    16
  Use: Scroll            |     7 |       ||     7
       Potion            |     2 |     3 ||     5
 Stab: Sleeping          |       |     2 ||     2
  Eat: Chunk             |     3 |     4 ||     7
Armor: Scale mail        |    20 |       ||    20
       Leather armour    |    39 |    52 ||    91
Dodge: Dodged            |    81 |    92 ||   173
       Rpst.: Long sword |    24 |    32 ||    56
